 Dungeon Crawl Stone Soup version 0.25-a0-443-gece2dee (webtiles) character file.

Game seed: 2041042505985371582, levelgen mode: deterministic

3810 Coldstonesans the Arsonist (level 9, -2/34 HPs)
             Began as a Felid Fire Elementalist on Jan 30, 2020.
             Was a Priest of Sif Muna.
             Slain by a big kobold
             ... wielding a +0 short sword
              (7 damage)
             ... on level 10 of the Dungeon on Jan 31, 2020.
             The game lasted 00:38:14 (14029 turns).

Coldstonesans the Arsonist (FeFE)                  Turns: 14029, Time: 00:38:16

Health: -2/34      AC:  2    Str:  4      XL:     9   Next: 96%
Magic:  6/19       EV: 23    Int: 19      God:    Sif Muna [***...]
Gold:   243        SH:  0    Dex: 14 (17) Spells: 7/20 levels left
                                        Lives:  0   Deaths: 2

rFire    + . .     SeeInvis +   (weapon unavailable)
rCold    . . .     Gourm    .   (shield unavailable)
rNeg     . . .     Faith    .   (armour unavailable)
rPois    +         Spirit   .   (helmet unavailable)
rElec    .         Reflect  .   (cloak unavailable)
rCorr    .         Harm     .   (gloves unavailable)
MR       +....     Rnd*Rage +   (boots unavailable) Stlth ++++......Rnd*Tele +
                                c - amulet of regeneration
HPRegen  0.51/turn              s - ring of protection from fire {s}
MPRegen  0.16/turn              (no ring)

@: quick
A: very small, no armour, no weapons or thrown items, stealth, claws 1, fangs 3,
see invisible, berserk 1, carnivore, speed 1, poison resistance, shaggy fur 2,
slow metabolism 1, teleportitis 1, sharp paws
a: Channel Magic, Forget Spell, Renounce Religion


You were on level 10 of the Dungeon.
You worshipped Sif Muna.
Sif Muna was most pleased with you.
You were very hungry.

You visited 2 branches of the dungeon, and saw 11 of its levels.

You collected 452 gold pieces.
You spent 209 gold pieces at shops.

Inventory:

Armour
 q - a +0 leather armour
Jewellery
 c - an amulet of regeneration (around neck)
 f - an uncursed ring of ice
 i - an uncursed ring of ice
 l - an uncursed ring of ice
 s - a ring of protection from fire (left paw) {s}
Wands
 h - a wand of scattershot (5)
 j - a wand of iceblast (7)
Scrolls
 d - 3 scrolls of identify
 e - a scroll of torment {unknown}
 k - 2 scrolls of amnesia
 m - a scroll of vulnerability {unknown}
 n - 4 scrolls of fear
Potions
 g - 4 potions of curing
Comestibles
 b - 11 rations


   Skills:
 + Level 9.1 Dodging
 - Level 7.3 Stealth
 + Level 6.4 Spellcasting
 + Level 6.0 Conjurations
 * Level 9.2 Fire Magic
 + Level 4.2 Invocations


You had 7 spell levels left.
You knew the following spells:

 Your Spells              Type           Power        Failure   Level  Hunger
a - Foxfire               Conj/Fire      ####         1%          1    None
b - Conjure Flame         Conj/Fire      #####...     1%          3    ##.....
c - Sticky Flame          Conj/Fire      #####...     4%          4    ####...
d - Fireball              Conj/Fire      #####.....   13%         5    #####..

Your spell library contained the following spells:

 Spells                   Type           Power        Failure   Level  Hunger
 Inner Flame              Hex/Fire       ###.....     4%          3    ##.....


Dungeon Overview and Level Annotations

Branches:
Dungeon (10/15)            Temple (1/1) D:4
   Lair: D:8-11         Orc: D:9-12

Altars:
Cheibriados
Dithmenos
Elyvilon
Fedhas
Gozag
Hepliaklqana
Nemelex Xobeh
Okawaru
Ru
Sif Muna
Trog
Uskayaw
Vehumet
Xom
Yredelemnul
Zin
The Shining One

Shops:
D:5 !   D:6 [

Portals:
Abyss: D:5

Annotations:
D:5 2 transporters, MrDNA's ghost, novice TrHu


Innate Abilities, Weirdness & Mutations

You cannot wear armour.
You are incapable of wielding weapons or throwing items.
Your paws allow you to move quietly. (Stealth)
You have sharp claws.
You have razor-sharp teeth.
You have supernaturally acute eyesight. (SInv)
You are carnivorous and can eat meat at any time.
You cover ground quickly.
You are covered in thick fur. (AC +2)
You have a slow metabolism.
Your sharp claws are effective at attacking unaware monsters.
You tend to lose your temper in combat.
Your system is resistant to poisons. (rPois)
You are occasionally teleported next to monsters.


Message History

You don't have enough magic to cast that spell.
You fail to use your ability.
The big kobold closely misses you.
You feel quite a bit more hungry. The kobold hits you.
The big kobold barely misses you. The kobold completely misses you.
The big kobold hits you with a +0 short sword!
* * * LOW HITPOINT WARNING * * *
Casting: Foxfire (safe; 1% risk of failure)
Confirm with . or Enter, or press ? or * to list all spells.
Aiming: Sticky Flame (safe; 4% risk of failure)
Press: ? - help, Shift-Dir - straight line, f/p - big kobold
Aim: a big kobold, wielding a +0 short sword (heavily wounded)
The sticky flame hits the big kobold!
The big kobold is severely wounded.
The big kobold is covered in liquid flames!
You are feeling very hungry.
The big kobold burns!
The kobold hits you.
* * * LOW HITPOINT WARNING * * *
The big kobold hits you with a +0 short sword!
You die...

#####
##...##
##.....##
#..<.<..#
#..)....#
#...KK..#
##..@..##
##...##
#+++#


You could see a big kobold (burning) and a kobold.

Vanquished Creatures
  A centaur warrior (D:9)
  Grinder (D:5)
  Sigmund (D:5)
  A yak (D:9)
  4 hogs (D:7)
  A human (D:7)
  A hungry ghost (D:8)
  Menkaure (D:5)
  2 orc warriors (D:7)
  2 sky beasts
  5 ogres
  3 necrophages
  A phantom (D:9)
  6 centaurs
  6 bullfrogs
  5 scorpions
  3 killer bees (D:9)
  5 wights
  2 howler monkeys (D:7)
  5 electric eels (D:8)
  2 crimson imps
  A bullfrog zombie (D:5)
  2 quasits
  7 hounds
  A centaur zombie (D:9)
  2 jellies
  5 orc priests
  12 orc wizards
  A centaur skeleton (D:9)
  4 iguanas
  Ijyb (D:5)
  6 worker ants
  2 hound zombies
  A hound skeleton (D:5)
  2 gnolls
  8 adders
  A shadow imp (D:9)
  2 oozes
  An adder skeleton (D:4)
  2 worms
  4 dart slugs
  5 leopard geckos
  27 orcs
  A ball python (D:8)
  8 giant cockroaches
  5 goblins
  8 hobgoblins
  2 quokkas
  5 bats
  3 frilled lizards
  3 jackal skeletons (D:4)
  11 kobolds
  A quokka skeleton (D:4)
  4 rats
  A foxfire (D:5)
207 creatures vanquished.

Vanquished Creatures (others)
  A leopard gecko (D:8)
  A bat (D:1)
  500 foxfires
502 creatures vanquished.

Grand Total: 709 creatures vanquished

Notes
Turn   | Place    | Note
-------+----------+-------------------------------------------
     0 | D:1      | Coldstonesans the Felid Fire Elementalist began the quest
                  | for the Orb.
     0 | D:1      | Reached XP level 1. HP: 7/7 MP: 4/4
   288 | D:1      | Reached skill level 1 in Conjurations
   337 | D:1      | Reached XP level 2. HP: 3/11 MP: 0/6
   688 | D:1      | Reached XP level 3. HP: 11/14 MP: 1/7
  1416 | D:2      | Found a faded altar of an unknown god.
  1486 | D:2      | Reached XP level 4. HP: 8/18 MP: 3/8
  2126 | D:2      | Learned a level 3 spell: Conjure Flame
  3239 | D:3      | Reached XP level 5. HP: 21/21 MP: 4/10
  3639 | D:4      | Noticed an ogre
  3877 | D:4      | Found a staircase to the Ecumenical Temple.
  3888 | Temple   | Entered the Ecumenical Temple
  3919 | Temple   | Became a worshipper of Sif Muna the Loreminder
  4401 | D:4      | Noticed an ogre
  4424 | D:4      | Killed an ogre
  4424 | D:4      | Gained mutation: You are covered in thick fur. (AC +2)
                  | [Felid growth]
  4424 | D:4      | Reached XP level 6. HP: 24/24 MP: 1/11
  5224 | D:4      | Reached skill level 5 in Stealth
  5224 | D:4      | Reached XP level 7. HP: 27/27 MP: 5/13
  5401 | D:4      | Learned a level 4 spell: Sticky Flame
  5468 | D:4      | Reached skill level 5 in Fire Magic
  5884 | D:4      | Reached * piety under Sif Muna
  6023 | D:4      | Reached skill level 5 in Dodging
  6201 | D:5      | Entered Level 5 of the Dungeon
  6296 | D:5      | Noticed Sigmund
  6306 | D:5      | Killed Sigmund
  6485 | D:5      | Reached XP level 8. HP: 31/31 MP: 6/14
  6676 | D:5      | Noticed Ijyb
  6712 | D:5      | Killed Ijyb
  6814 | D:5      | Found a transporter.
  6814 | D:5      | Noticed an ancient zyme
  6815 | D:5      | Found a transporter.
  6833 | D:5      | Identified the +10 spear of Giawep {distort, Dex+2}
  6873 | D:5      | Noticed Menkaure
  6875 | D:5      | Killed Menkaure
  6900 | D:5      | Noticed Grinder
  6908 | D:5      | Killed Grinder
  7034 | D:5      | Found Daijekk's Distillery.
  7045 | D:5      | Bought a potion of heal wounds for 55 gold pieces
  7045 | D:5      | Bought a potion of curing for 33 gold pieces
  7045 | D:5      | Bought a potion of ambrosia for 88 gold pieces
  7045 | D:5      | Bought a potion of curing for 33 gold pieces
  7382 | D:5      | Found a one-way gate to the infinite horrors of the Abyss.
  7382 | D:5      | Noticed MrDNA's ghost (novice TrHu)
  8021 | D:6      | Slain by a wight
  8022 | D:6      | Reached XP level 7. HP: 0/27 MP: 8/15
  8216 | D:6      | Reached XP level 8. HP: 31/31 MP: 16/16
  8288 | D:6      | Reached ** piety under Sif Muna
  8526 | D:6      | Reached skill level 5 in Spellcasting
  9363 | D:6      | Learned a level 5 spell: Fireball
  9484 | D:6      | Found Samuom's Antique Armour Boutique.
  9581 | D:7      | Reached skill level 1 in Invocations
 10231 | D:7      | Reached XP level 9. HP: 34/34 MP: 12/17
 10749 | D:7      | Reached skill level 5 in Conjurations
 12122 | D:8      | Gained mutation: You are occasionally teleported next to
                  | monsters. [potion of mutation]
 12122 | D:8      | Gained mutation: You tend to lose your temper in combat.
                  | [potion of mutation]
 12122 | D:8      | Gained mutation: Your system is resistant to poisons.
                  | (rPois) [potion of mutation]
 12123 | D:8      | Shot with an arrow by a centaur
 12124 | D:8      | Reached XP level 8. HP: 0/31 MP: 13/17
 12368 | D:8      | Reached *** piety under Sif Muna
 12368 | D:8      | Reached XP level 9. HP: 34/34 MP: 1/18
 13943 | D:9      | Noticed a centaur warrior
 13963 | D:9      | Killed a centaur warrior
 14013 | D:10     | Entered Level 10 of the Dungeon
 14029 | D:10     | Slain by a big kobold

Levels and vault maps discovered:
D:1:      minmay_arrival_up_and_down, layout_rooms, lemuel_old_faithful
D:2:      minmay_spotlight, layout_loops_ring,
          chequers_ecumenical_altar_simple_redux
D:3:      layout_rooms, first_ration
D:4:      layout_basic, minmay_temple_entry_slanted,
          minmay_fractal_squares_diagonal_5
D:5:      layout_cave_pools, gammafunk_ghost_abyssal_escape, serial_shops, shop,
          cheibrodos_gnoll_hut, uniq_menkaure, uniq_grinder, uniq_ijyb,
          uniq_sigmund
D:6:      layout_rooms, nicolae_overflow_hidden_temple, serial_shops,
          nicolae_shop_temple_entry_statues_fountains,
          minmay_a_box_with_orc_wizards_in_it
D:7:      layout_loops_ring, grunt_livestock
D:8:      kennysheep_big_flooded_room, layout_cave_pools
D:9:      layout_loops_ring, lair_entry_dummy, serial_undead, serial_undead_b,
          serial_undead_f, serial_undead_f, serial_undead_e, grunt_ministairs_15
D:10:     kennysheep_town
Temple:   compressed_dpeg_triangle_lava_temple

Skill      XL: |  1  2  3  4  5  6  7  8  9 |
---------------+----------------------------+-----
Conjurations   | 1 2 3 4 6 |  6.0
Stealth        | 3 4 5 7 |  7.3
Dodging        | 3 4 5 7 9 |  9.1
Fire Magic     | 3 4 5 7 9 |  9.2
Spellcasting   | 3 5 6 |  6.4
Invocations    | 1 4 |  4.2

Action                   |  1- 3 |  4- 6 |  7- 9 || total
-------------------------+-------+-------+-------++-------
Melee: Unarmed           |    32 |   121 |   540 ||   693
       Bite              |     2 |     9 |    44 ||    55
 Cast: Foxfire           |    35 |   133 |   192 ||   360
       Conjure Flame     |       |     7 |     8 ||    15
       Sticky Flame      |       |       |    54 ||    54
       Fireball          |       |       |    26 ||    26
Invok: Channel Magic     |       |       |     2 ||     2
Evoke: Wand              |       |     1 |    13 ||    14
  Use: Potion            |       |     7 |     9 ||    16
       Scroll            |       |     1 |    13 ||    14
 Stab: Sleeping          |     7 |     4 |     9 ||    20
       Distracted        |       |       |     1 ||     1
  Eat: Chunk             |       |    10 |    30 ||    40
       Ration            |       |       |     4 ||     4
Armor: Skin              |     2 |     5 |    32 ||    39
Dodge: Dodged            |    28 |   172 |   672 ||   872

Table legend:
 A = Non-vault XP
 B = Vault XP
 C = Vault XP percentage of total XP
 D = Non-vault monster count
 E = Vault monster count
 F = Vault count percentage of total count
                 A         B        C        D         E       F
            +---------+---------+-------+---------+---------+-------
      Total |    6451 |    2694 |  29.5 |     173 |      34 |  16.4
            +---------+---------+-------+---------+---------+-------
        D:1 |      54 |       0 |   0.0 |      22 |       0 |   0.0
        D:2 |      92 |       7 |   7.1 |      15 |       3 |  16.7
        D:3 |     142 |      34 |  19.3 |      16 |       1 |   5.9
        D:4 |     499 |     169 |  25.3 |      18 |       4 |  18.2
        D:5 |     689 |     796 |  53.6 |      15 |       7 |  31.8
        D:6 |     869 |     151 |  14.8 |      23 |       4 |  14.8
        D:7 |    1273 |     989 |  43.7 |      25 |       5 |  16.7
        D:8 |    1131 |     125 |  10.0 |      21 |       2 |   8.7
        D:9 |    1697 |     423 |  20.0 |      15 |       8 |  34.8
       D:10 |       5 |       0 |   0.0 |       3 |       0 |   0.0
            +---------+---------+-------+---------+---------+-------
